 Dungeon Crawl Stone Soup version 0.17.0-7-gfadd4cc (webtiles) character file.

199 tp1 the Conjurer (level 5, -1/28 HPs)
             Began as a Deep Elf Conjurer on Nov 8, 2015.
             Killed by miscasting Iskenderun's Battlesphere (26 damage)
             ... in a sewer.
             The game lasted 00:13:00 (3691 turns).

tp1 the Conjurer (Deep Elf Conjurer)                Turns: 3691, Time: 00:13:01

Health: -1/28      AC:  2    Str:  5    XL:     5   Next: 48%
Magic:  5/14       EV: 13    Int: 21    God:
Gold:   162        SH:  0    Dex: 15    Spells: 3 memorised, 6 levels left

rFire  . . .     SeeInvis .     n - -2 short sword (curse)
rCold  . . .     Clarity  .     a - +0 robe
rNeg   . . .     SustAt   .     (no shield)
rPois  +         Gourm    .     (no helmet)
rElec  .         Spirit   .     (no cloak)
rCorr  .         Warding  .     (no gloves)
rMut   +         Stasis   .     (no boots)
MR     .....                    i - amulet of resist mutation
Stlth  +.........               (no ring)
                                r - ring of poison resistance

@: very slightly contaminated, not resistant to hostile enchantments, very
unstealthy
A: no striking features
a: no special abilities


You were in a sewer.
You were not hungry.

You visited 1 branch of the dungeon, and saw 3 of its levels.
You also visited: Sewer.

You collected 162 gold pieces.

Inventory:

Hand Weapons
 e - a +0 dagger
 f - a +1 dagger of freezing
 n - a cursed -2 short sword (weapon)
 o - a +1 dagger of venom
Armour
 a - a +0 robe (worn)
 p - a +0 buckler
Jewellery
 i - an amulet of resist mutation (around neck)
 r - a ring of poison resistance (left hand)
Wands
 q - a wand of slowing (24)
Scrolls
 g - a scroll of remove curse {unknown}
 h - a scroll of amnesia {unknown}
 k - 3 scrolls of enchant weapon {unknown}
 m - a scroll of identify {unknown}
 u - a scroll of blinking {unknown}
 v - a scroll of fog {unknown}
 w - a scroll of teleportation {unknown}
Potions
 d - a potion of might {unknown}
 j - a potion of curing {unknown}
 l - 2 potions of agility {unknown}
 x - a potion of berserk rage {unknown}
Books
 b - a book of Conjurations

   Spells                             Type                      Level
   a - Magic Dart                     Conjuration                  1
   b - Searing Ray                    Conjuration                  2
   c - Dazzling Spray                 Conjuration/Hexes            3
   d - Fulminant Prism                Conjuration/Hexes            4
   e - Iskenderun's Mystic Blast      Conjuration                  4
   f - Iskenderun's Battlesphere      Conjuration/Charms           5
Comestibles
 c - a bread ration
 s - 3 fruits
 t - a meat ration
 z - a beef jerky


   Skills:
 - Level 2.4 Dodging
 - Level 2.4 Stealth
 - Level 5.0 Spellcasting
 - Level 6.2 Conjurations
 + Level 2.7 Charms


You had 6 spell levels left.
You knew the following spells:

 Your Spells              Type           Power        Failure   Level  Hunger
a - Magic Dart            Conj           ####         1%          1    None
b - Searing Ray           Conj           ####..       1%          2    None
d - Iskenderun's Battles  Conj/Chrm      ###.....     54%         5    #####..


Dungeon Overview and Level Annotations

Branches:
Dungeon (3/15)

Altars:
Ashenzari
Dithmenos
Okawaru
Qazlal
Trog


Message History

You don't know that spell.
Unknown command.
Unknown command.
Adjust (i)tems, (s)pells, or (a)bilities?
Huh?
Adjust (i)tems, (s)pells, or (a)bilities?
Adjust which spell? c - Iskenderun's Battlesphere Adjust to which letter? d - Iskenderun's Battlesphere
Casting: Magic Dart
Confirm with . or Enter, or press ? or * to list all spells.
The spell is very dangerous to cast!
Continue anyway?
Uppercase [Y]es or [N]o only, please.
The spell is very dangerous to cast!
Continue anyway?
You miscast Iskenderun's Battlesphere.
You are very lightly contaminated with residual magic.
You are blasted with magical energy!
Ouch! That really hurt!
You die...

#.≈≈≈..∩# #≈≈≈≈.###
#.≈≈≈.# ##.≈≈≈≈##
###############≈.≈≈≈..#
≈≈≈≈≈≈≈≈≈≈≈≈≈≈≈≈≈≈≈≈≈.#
###############≈.≈≈≈≈≈#
#..≈≈≈≈.# #≈@≈≈≈≈.#
#≈≈≈≈≈≈.# #≈≈≈≈≈≈≈#
#≈≈≈≈≈≈≈# #..†≈≈..#
#..≈.≈..# ####K####


KK You could see a big kobold (wandering) and 2 kobolds.

Vanquished Creatures
  The ghost of xeno23 the Conjurer, an amateur DrCj (D:3)
  4 adders
  A river rat (Sewer)
  2 worms
  2 orcs
  5 ball pythons
  2 giant cockroaches
  6 hobgoblins
  7 jackals
  8 kobolds
  2 bats (D:1)
  5 giant geckos
  2 giant newts
  10 goblins
  13 rats
70 creatures vanquished.

Notes
Turn   | Place    | Note
--------------------------------------------------------------
     0 | D:1      | tp1 the Deep Elf Conjurer began the quest for the Orb.
     0 | D:1      | Reached XP level 1. HP: 10/10 MP: 6/6
   263 | D:1      | Reached XP level 2. HP: 15/15 MP: 5/8
   267 | D:1      | Learned a level 2 spell: Searing Ray
  1446 | D:1      | Reached skill level 5 in Spellcasting
  1446 | D:1      | Reached XP level 3. HP: 19/19 MP: 5/11
  1803 | D:2      | Found a shadowy altar of Dithmenos.
  1898 | D:2      | Found an iron altar of Okawaru.
  2121 | D:2      | Found a shattered altar of Ashenzari.
  2176 | D:2      | Reached skill level 5 in Conjurations
  2541 | D:2      | Reached XP level 4. HP: 24/24 MP: 10/13
  2607 | D:2      | Found a shadowy altar of Dithmenos.
  2750 | D:2      | Found an iron altar of Okawaru.
  2855 | D:2      | Found a shattered altar of Ashenzari.
  3002 | D:3      | Noticed xeno23's ghost (amateur DrCj)
  3011 | D:3      | Killed xeno23's ghost
  3011 | D:3      | Reached skill level 6 in Conjurations
  3011 | D:3      | Reached XP level 5. HP: 11/28 MP: 5/14
  3018 | D:3      | Learned a level 5 spell: Iskenderun's Battlesphere
  3141 | D:3      | Found a bloodstained altar of Trog.
  3181 | D:3      | Found a stormy altar of Qazlal.
  3290 | D:3      | Reached skill level 1 in Charms
  3479 | D:3      | Found a glowing drain.
  3496 | Sewer    | Entered a sewer
  3691 | Sewer    | Killed by miscasting Iskenderun's Battlesphere

Action                   |  1- 3 |  4- 6 || total
-------------------------+-------+-------++-------
Melee: Dagger            |     1 |       ||     1
 Cast: Magic Dart        |    83 |    29 ||   112
       Searing Ray       |     4 |     7 ||    11
  Eat: Chunk             |     4 |     4 ||     8
